 Dungeon Crawl Stone Soup version 0.21.2-1-g0862bd23eb (webtiles) character file.

25544 EdgarABeringIII the Thaumaturge (level 12, 60/71 HPs)
             Began as a Deep Elf Necromancer on May 27, 2020.
             Was the Champion of Cheibriados.
             Quit the game on level 9 of the Dungeon.
             The game lasted 00:41:34 (11228 turns).

EdgarABeringIII the Thaumaturge (DENe)             Turns: 11228, Time: 00:41:35

Health: 60/71      AC:  9    Str: 20    XL:     12   Next: 90%
Magic:  20/30      EV: 17    Int: 41    God:    Cheibriados [******]
Gold:   543        SH:  0    Dex: 34    Spells: 5/35 levels left

rFire    . . .     SeeInvis .   a - +3 rapier of Voodidd {pain, Fragile rElec Dex+4}
rCold    . . .     Gourm    .   (no shield)
rNeg     . . .     Faith    +   k - +2 robe {MR+}
rPois    .         Spirit   .   (no helmet)
rElec    +         Reflect  .   I - +2 cloak
rCorr    .         Harm     .   x - +1 pair of gloves
MR       +++..                  (no boots)
Stlth    +++++.....             t - amulet of faith
HPRegen  0.21/turn              u - ring of protection from magic
MPRegen  0.22/turn              (no ring)

@: very slow
A: no striking features
a: Bend Time, Temporal Distortion, Slouch, Step From Time, Renounce Religion


You were on level 9 of the Dungeon.
You worshipped Cheibriados.
Cheibriados was exalted by your worship.
You were not hungry.

You visited 3 branches of the dungeon, and saw 17 of its levels.
You also visited: Labyrinth.

You collected 543 gold pieces.

Inventory:

Hand Weapons
 a - the +3 rapier of Voodidd (weapon) {pain, Fragile rElec Dex+4}
   (You found it on level 6 of the Lair of Beasts)

   In the hands of one skilled in necromantic magic, it inflicts extra damage on
   living creatures.
   It affects your dexterity (+4).
   It insulates you from electricity.
   It will be destroyed if unequipped.
 l - a +0 dagger
 o - a +0 hand axe of freezing
 w - a +1 demon trident of pain
 y - a +0 antimagic whip
 D - a +3 mace of protection
 M - a +1 demon whip of flaming
Missiles
 r - 2 curare-tipped needles
Armour
 e - a +0 robe
 k - a +2 robe of magic resistance (worn)
 n - a +0 cloak
 x - a +1 pair of gloves (worn)
 I - a +2 cloak (worn)
 X - a +2 robe of cold resistance
Magical Staves
 A - an uncursed staff of conjuration
 Y - an uncursed staff of cold
Jewellery
 t - an amulet of faith (around neck)
 u - a ring of protection from magic (left hand)
 K - an uncursed ring of magical power {unknown}
Wands
 g - a wand of scattershot (5)
 B - a wand of polymorph (11)
 Q - a wand of disintegration (7)
 R - a wand of iceblast (5)
 W - a wand of enslavement (19)
 Z - a wand of paralysis (13)
Scrolls
 f - 2 scrolls of enchant weapon {!r}
 i - 2 scrolls of amnesia {!r}
 j - 6 scrolls of remove curse {!r}
 p - 3 scrolls of fog {!r}
 z - 2 scrolls of summoning {!r}
 L - a scroll of enchant armour {!r}
 N - a scroll of magic mapping {!r}
 S - 4 scrolls of teleportation {!r}
 U - a scroll of fear {!r}
Potions
 d - a potion of curing {!q}
 h - 3 potions of degeneration {!q}
 m - 2 potions of haste {!q}
 q - a potion of mutation {!q}
 v - a potion of berserk rage {!q}
 C - a potion of flight {!q}
 J - a potion of might {!q}
 T - 3 potions of agility {!q}
 V - a potion of cancellation {!q, unknown}
Books
 b - a book of Necromancy

   Spells                             Type                      Level
   a - Pain                           Necromancy                   1
   b - Animate Skeleton               Necromancy                   1
   c - Vampiric Draining              Necromancy                   3
   d - Regeneration                   Charms/Necromancy            3
   e - Animate Dead                   Necromancy                   4
   f - Borgnjor's Vile Clutch         Necromancy/Earth             5
 s - a book of Minor Magic

   Spells                             Type                      Level
   a - Magic Dart                     Conjuration                  1
   b - Blink                          Translocation                2
   c - Call Imp                       Summoning                    2
   d - Slow                           Hexes                        2
   e - Conjure Flame                  Conjuration/Fire             3
   f - Mephitic Cloud                 Conjuration/Poison/Air       3
 E - a book of Misfortune

   Spells                             Type                      Level
   a - Confusing Touch                Hexes                        1
   b - Confuse                        Hexes                        3
   c - Gell's Gravitas                Translocation                3
   d - Petrify                        Transmutation/Earth          4
   e - Metabolic Englaciation         Hexes/Ice                    5
   f - Yara's Violent Unravelling     Hexes/Transmutation          5
 F - a book of Clouds

   Spells                             Type                      Level
   a - Poisonous Vapours              Poison/Air                   2
   b - Mephitic Cloud                 Conjuration/Poison/Air       3
   c - Conjure Flame                  Conjuration/Fire             3
   d - Freezing Cloud                 Conjuration/Ice/Air          6
   e - Ring of Flames                 Charms/Fire                  7
 H - a book of Geomancy

   Spells                             Type                      Level
   a - Sandblast                      Earth                        1
   b - Passwall                       Transmutation/Earth          2
   c - Stone Arrow                    Conjuration/Earth            3
   d - Petrify                        Transmutation/Earth          4
   e - Lee's Rapid Deconstruction     Earth                        5
 O - a book of the Tempests

   Spells                             Type                      Level
   a - Static Discharge               Conjuration/Air              3
   b - Lightning Bolt                 Conjuration/Air              5
   c - Ignition                       Fire                         8
   d - Tornado                        Air                          9
   e - Shatter                        Earth                        9
Miscellaneous
 G - a fan of gales
 P - a box of beasts
Comestibles
 c - 15 rations


   Skills:
 - Level 6.5 Fighting
 - Level 2.8 Short Blades
 - Level 4.1 Dodging
 + Level 9.1 Stealth
 - Level 12.0 Spellcasting
 + Level 7.3 Conjurations
 - Level 10.0 Necromancy
 - Level 6.7 Ice Magic
 - Level 10.3 Earth Magic
 - Level 8.0 Invocations


You had 5 spell levels left.
You knew the following spells:

 Your Spells              Type           Power        Failure   Level  Hunger
a - Pain                  Necr           ####         1%          1    None
b - Animate Skeleton      Necr           N/A          1%          1    None
c - Vampiric Draining     Necr           #######...   1%          3    None
d - Borgnjor's Vile Clut  Necr/Erth      #######...   1%          5    None
e - Regeneration          Chrm/Necr      ######....   1%          3    None
f - Freezing Cloud        Conj/Ice/Air   ######....   28%         6    ##.....
g - Blink                 Tloc           N/A          1%          2    None
h - Lee's Rapid Deconstr  Erth           #######...   1%          5    None
p - Animate Dead          Necr           N/A          1%          4    None


Dungeon Overview and Level Annotations

Branches:
Dungeon (10/15)            Temple (1/1) D:6            Lair (6/6) D:9
  Swamp (0/4) Lair:2        Slime (0/5) Lair:5
  Snake: Lair:2-4    Spider: Lair:2-4       Orc: D:9-12

Altars:
Cheibriados
Elyvilon
Fedhas
Hepliaklqana
Kikubaaqudgha
Makhleb
Nemelex Xobeh
Okawaru
Qazlal
Ru
Trog
Uskayaw
Wu Jian
Xom
Zin
The Shining One
Beogh

Annotations:
D:1 exclusion: downstairs


Message History

The orc is unaffected.
Zombie hands grab the orc.
The orc priest is unaffected.
The orc wizard is unaffected.
The zombie hands constrict the orc.
You kill the orc!
Cheibriados appreciates the change of pace.
The zombie hands constrict the orc.
You kill the orc!
Cheibriados appreciates the change of pace.
The zombie hands constrict the orc priest.
You kill the orc priest!
Cheibriados thoroughly appreciates the change of pace.
The zombie hands constrict the orc wizard.
You kill the orc wizard!
Cheibriados appreciates the change of pace.
The orc wizard hits you with an enchanted dagger.
The orc hits you with a club.
Save game and exit?
Okay, then.
Are you sure you want to abandon this character and quit the game? (Confirm with "yes".)

#.# #.# #.# #.# ### #.# #.# (.#
#(. ####'###### ..# #####'#
#.......... ..# .....$.
#.....<.... ..#######.[([.[)
#..........
..#o.oo(o[)._.oo#######..........
...o#####)[)oo.o@.....'..........
.<### .....oo#######..........
..# ...$..o #....>..... ###
####### ######'#### # #....#
###### ####<# .....# ##########.#
.....# #...........
.....########## #...........


You could see an orc wizard and 7 orcs.

Vanquished Creatures
  A minotaur (Lab)
  2 hydras
  Fannar (D:10)
  An anaconda (Lair:6)
  A two-headed ogre (D:9)
  Sonja (Lair:3)
  A fire crab (Lair:6)
  Joseph (D:8)
  A black mamba (Lair:2)
  7 spiny frogs
  9 komodo dragons
  A troll (D:9)
  10 polar bears (Lair:6)
  Prince Ribbit (D:6)
  9 blink frogs
  3 hippogriffs
  4 raiju (Lair:6)
  Grinder (D:4)
  A slime creature (D:10)
  A wyvern (D:10)
  Sigmund (D:3)
  Grum (D:8)
  2 basilisks
  5 wargs (Lair:6)
  8 hell hounds (Lair:6)
  Duvessa (D:6)
  4 water moccasins
  3 orc warriors
  A sky beast (D:5)
  10 black bears
  3 ice beasts
  3 ogres
  A necrophage (D:8)
  13 wolves
  6 centaurs
  16 crocodiles
  3 big kobolds
  13 bullfrogs
  A wyvern zombie (D:9)
  2 scorpions (D:8)
  A troll skeleton (Lab)
  A bullfrog zombie (D:10)
  A centaur zombie (D:10)
  A hound (D:9)
  2 jellies
  A centaur skeleton (Lab)
  5 orc priests
  4 orc wizards
  2 iguanas (Lair:1)
  4 worker ants
  5 gnolls
  11 adders
  A river rat (D:3)
  2 shadow imps
  6 oozes
  An adder skeleton (D:6)
  3 worms (D:3)
  2 dart slugs (D:1)
  2 leopard geckos
  28 orcs
  3 giant cockroaches
  6 goblins
  3 hobgoblins
  3 jackals (D:4)
  12 kobolds
  5 quokkas
  A ball python (D:1)
  2 bats
  2 frilled lizards (D:1)
  A leopard gecko zombie (D:8)
  2 quokka skeletons
  9 rats
  A bush (Lair:1)
  A butterfly (Lair:4)
  8 fungi
  7 plants
303 creatures vanquished.

Vanquished Creatures (collateral kills)
  A raiju (Lair:6)
  A warg (Lair:6)
  2 hell hounds (Lair:6)
  2 black bears (Lair:6)
  2 wolves (Lair:6)
  A phantom (D:6)
  Dowan (D:6)
  A crimson imp (D:10)
  A centaur skeleton (D:10)
  An orc wizard (D:8)
  A worker ant (D:8)
  3 orcs
  4 kobolds (D:6)
  A ball python (D:3)
22 creatures vanquished.

Vanquished Creatures (others)
  An adder (D:10)
  An orc (D:8)
  2 fungi (Lair:4)
  10 plants
14 creatures vanquished.

Grand Total: 339 creatures vanquished

Notes
Turn   | Place    | Note
-------+----------+-------------------------------------------
     0 | D:1      | EdgarABeringIII the Deep Elf Necromancer began the quest for the Orb.
     0 | D:1      | Reached XP level 1. HP: 10/10 MP: 6/6
   244 | D:1      | Reached skill level 5 in Necromancy
   244 | D:1      | Reached XP level 2. HP: 13/15 MP: 3/8
   266 | D:1      | Learned a level 1 spell: Animate Skeleton
   648 | D:1      | Reached skill level 4 in Spellcasting
   754 | D:1      | Reached XP level 3. HP: 17/19 MP: 6/10
   759 | D:1      | Learned a level 3 spell: Vampiric Draining
   843 | D:2      | Noticed an orc warrior
  1189 | D:2      | Reached XP level 4. HP: 20/24 MP: 7/12
  1440 | D:3      | Noticed Sigmund
  1454 | D:3      | Killed Sigmund
  1454 | D:3      | Reached skill level 6 in Spellcasting
  1454 | D:3      | Reached XP level 5. HP: 18/28 MP: 4/15
  1465 | D:3      | Learned a level 5 spell: Borgnjor's Vile Clutch
  1801 | D:3      | Reached skill level 1 in Earth Magic
  1833 | D:3      | Reached XP level 6. HP: 19/32 MP: 7/17
  1838 | D:3      | Learned a level 3 spell: Regeneration
  2041 | D:3      | Learned a level 4 spell: Animate Dead
  2502 | D:4      | Found a burning altar of Makhleb.
  2511 | D:4      | Noticed Grinder
  2523 | D:4      | Killed Grinder
  2523 | D:4      | Reached XP level 7. HP: 36/36 MP: 12/18
  2524 | D:4      | Sorry what?
  2589 | D:4      | Found a shimmering altar of Xom.
  2590 | D:4      | Found an ornate altar of the Wu Jian Council.
  2591 | D:4      | Found a hide-covered altar of Uskayaw.
  2620 | D:5      | Entered Level 5 of the Dungeon
  2639 | D:5      | Reached skill level 5 in Earth Magic
  2949 | D:6      | Reached skill level 7 in Spellcasting
  3043 | D:6      | Reached XP level 8. HP: 20/41 MP: 21/21
  3240 | D:6      | Noticed Prince Ribbit
  3273 | D:6      | Killed Prince Ribbit
  3273 | D:6      | Reached skill level 8 in Spellcasting
  3404 | D:6      | Found a staircase to the Ecumenical Temple.
  3407 | D:6      | Noticed Dowan
  3409 | D:6      | Noticed Duvessa
  3428 | D:6      | Killed Duvessa
  3434 | D:6      | Killed Dowan
  3553 | Temple   | Entered the Ecumenical Temple
  3573 | Temple   | Became a worshipper of Cheibriados the Contemplative
  3637 | D:6      | Reached skill level 9 in Spellcasting
  4146 | D:8      | Noticed Grum
  4151 | D:8      | Killed Grum
  4151 | D:8      | Reached skill level 10 in Spellcasting
  4151 | D:8      | Reached XP level 9. HP: 17/45 MP: 12/25
  4269 | D:8      | Found a blossoming altar of Fedhas.
  4274 | D:8      | Reached * piety under Cheibriados
  4341 | D:8      | Found an ancient bone altar of Kikubaaqudgha.
  4348 | D:8      | Reached skill level 10 in Necromancy
  4490 | D:8      | Reached skill level 5 in Stealth
  4704 | D:9      | Noticed a two-headed ogre
  4709 | D:9      | Killed a two-headed ogre
  4709 | D:9      | Reached skill level 11 in Spellcasting
  4785 | D:9      | Found a roughly hewn altar of Beogh.
  4799 | D:8      | Noticed Joseph
  4804 | D:8      | HP: 2/45 [Joseph/sling bullet (16)]
  4805 | D:8      | Killed Joseph
  4805 | D:8      | Reached XP level 10. HP: 14/50 MP: 2/27
  5138 | D:9      | Reached ** piety under Cheibriados
  5392 | D:9      | Found a staircase to the Lair.
  5411 | Lair:1   | Entered Level 1 of the Lair of Beasts
  5411 | Lair:1   | Noticed a spiny frog
  5437 | Lair:1   | Killed a spiny frog
  5437 | Lair:1   | Reached skill level 12 in Spellcasting
  5614 | Lair:1   | Reached skill level 1 in Fighting
  5723 | Lair:1   | Learned a level 6 spell: Freezing Cloud
  5823 | Lair:1   | Reached skill level 1 in Ice Magic
  6092 | Lair:1   | M
  6214 | Lair:1   | Reached *** piety under Cheibriados
  6399 | Lair:2   | Noticed a black mamba
  6404 | Lair:2   | Killed a black mamba
  6466 | Lair:2   | Noticed a spiny frog
  6468 | Lair:2   | Reached XP level 11. HP: 59/60 MP: 18/29
  6521 | Lair:2   | Reached skill level 5 in Ice Magic
  6785 | Lair:3   | Noticed Sonja
  6788 | Lair:3   | Killed Sonja
  6954 | Lair:3   | Reached skill level 5 in Fighting
  6971 | Lair:3   | Learned a level 2 spell: Blink
  6971 | Lair:3   | Noticed a five-headed hydra
  6979 | Lair:3   | Killed a five-headed hydra
  7012 | Lair:3   | Reached skill level 1 in Conjurations
  7408 | Lair:4   | Reached **** piety under Cheibriados
  7452 | Lair:4   | Found a labyrinth entrance.
  7460 | Lab      | Entered a labyrinth
  7702 | Lab      | Learned a level 5 spell: Lee's Rapid Deconstruction
  7755 | Lab      | Noticed a minotaur
  7758 | Lab      | Killed a minotaur
  7762 | Lab      | Got a heavily runed leather armour
  7773 | Lab      | Got a fine broad axe
  7775 | Lab      | Identified the cursed +1 broad axe "Ymiwevva" {chop, Fragile +Fly Str+10 Dex+4} (You found it in a labyrinth)
  8165 | Lair:6   | Entered Level 6 of the Lair of Beasts
  8218 | Lair:6   | Identified the cursed +1 leather armour "Denlong" {rF+ rC- rN+ Dex+4} (You took it off a minotaur in a labyrinth)
  8313 | Lair:6   | Noticed a five-headed hydra
  8319 | Lair:6   | Killed a five-headed hydra
  8319 | Lair:6   | Reached skill level 10 in Earth Magic
  8568 | Lair:6   | Reached ***** piety under Cheibriados
  8828 | Lair:6   | Reached XP level 12. HP: 61/71 MP: 22/30
  8945 | Lair:6   | Reached skill level 5 in Conjurations
  9073 | Lair:6   | Noticed an anaconda
  9095 | Lair:6   | Reached skill level 1 in Invocations
  9328 | Lair:6   | Killed an anaconda
  9336 | Lair:6   | Reached ****** piety under Cheibriados
  9396 | Lair:6   | Got a translucent rapier
  9397 | Lair:6   | Identified the +3 rapier of Voodidd {pain, Fragile rElec Dex+4} (You found it on level 6 of the Lair of Beasts)
  9492 | Lair:6   | Reached skill level 1 in Short Blades
  9493 | Lair:6   | Reached skill level 5 in Invocations
  9943 | Lair:5   | Found a staircase to the Slime Pits.
 10702 | Lair:2   | Found a staircase to the Swamp.
 11001 | D:10     | Entered Level 10 of the Dungeon
 11034 | D:10     | Noticed Fannar
 11038 | D:10     | Killed Fannar
 11176 | D:10     | EEEEEEEEEEEEEEE
 11228 | D:9      | Quit the game

Skill      XL: |  1  2  3  4  5  6  7  8  9 10 11 12 |
---------------+-------------------------------------+-----
Necromancy     | 5 6 7 9 10 | 10.0
Spellcasting   | 4 6 7 10 11 12 | 12.0
Earth Magic    | 1 4 6 7 8 10 | 10.3
Stealth        | 3 7 8 9 |  9.1
Fighting       | 3 6 |  6.5
Dodging        | 3 4 |  4.1
Ice Magic      | 4 6 |  6.7
Conjurations   | 3 7 |  7.3
Invocations    | 8 |  8.0
Short Blades   | 2 |  2.8

Action                   |  1- 3 |  4- 6 |  7- 9 | 10-12 || total
-------------------------+-------+-------+-------+-------++-------
Melee: Mace              |       |    24 |    51 |       ||    75
       Whip              |       |       |     3 |       ||     3
       Staff             |       |       |     3 |    26 ||    29
       Broad axe         |       |       |       |     1 ||     1
       Rapier            |       |       |       |    62 ||    62
 Cast: Pain              |    43 |    74 |    46 |    85 ||   248
       Borgnjor's Vile C |       |     2 |    36 |   139 ||   177
       Animate Dead      |       |     2 |     8 |     8 ||    18
       Regeneration      |       |     1 |     5 |     7 ||    13
       Animate Skeleton  |       |       |     4 |     1 ||     5
       Vampiric Draining |       |       |     2 |     2 ||     4
       Lee's Rapid Decon |       |       |       |     6 ||     6
       Blink             |       |       |       |     1 ||     1
Evoke: Fan of gales      |       |       |       |     1 ||     1
       Wand              |       |       |       |     8 ||     8
       Box of beasts     |       |       |       |     1 ||     1
  Use: Scroll            |       |    10 |     4 |    11 ||    25
       Potion            |       |       |     2 |     7 ||     9
 Stab: Sleeping          |       |     1 |     3 |     5 ||     9
       Distracted        |       |       |       |     2 ||     2
  Eat: Chunk             |     1 |     4 |       |       ||     5
       Ration            |       |       |     4 |     4 ||     8
Armor: Robe              |       |    23 |    30 |    54 ||   107
Dodge: Dodged            |     5 |    25 |    79 |   223 ||   332
